 Dungeon Crawl Stone Soup version 0.30-a0-341-g682706514a (webtiles) character file.

Game seed: 9016497823639567448

7 koil the Ruffian (level 1, -1/16 HPs)
             Began as a Draconian Transmuter on Nov 5, 2022.
             Slain by a jackal (2 damage)
             ... on level 1 of the Dungeon.
             The game lasted 00:00:42 (102 turns).

koil the Ruffian (Draconian Transmuter)              Turns: 102, Time: 00:00:50

Health: -1/16      AC:  4    Str: 12    XL:     1   Next: 83%
Magic:  2/3        EV:  9    Int: 13    God:
Gold:   9          SH:  0    Dex: 11    Spells: 3/4 levels left

rFire   . . .      SeeInvis .      - Unarmed
rCold   . . .      Faith    .    (no shield)
rNeg    . . .      Spirit   .    (body armour unavailable)
rPois   .          Reflect  .    (helmet currently unavailable)
rElec   .          Harm     .    (no cloak)
rCorr   .          Rampage  .    (no gloves)
Will    .....                    (boots currently unavailable)
Stlth   +.........               (no amulet)
HPRegen 0.22/turn                (no ring)
MPRegen 0.08/turn                (no ring)

@: appendages (expiring), constricted
A: horns 2, talons 2, AC +4, unfitting armour, cold-blooded
a: End Transformation


You were on level 1 of the Dungeon.
You had temporarily grown beastly horns and talons.
You visited 1 branch of the dungeon, and saw 1 of its levels.

You collected 9 gold pieces.

Inventory:

Scrolls
 b - a scroll of fear {unknown}
Potions
 a - a potion of lignification
 c - a potion of berserk rage {unknown}


   Skills:
 + Level 1.3 Fighting
 + Level 1.9 Dodging
 + Level 3.0 Unarmed Combat
 + Level 2.0 Spellcasting
 + Level 2.1 Transmutations
 + Level 0.3 Poison Magic


You had 3 spell levels left.
You knew the following spells:

 Your Spells              Type           Power      Damage    Failure   Level
a - Beastly Appendage     Tmut           12%        N/A       11%         1

Your spell library contained the following spells:

 Spells                   Type           Power      Damage    Failure   Level
 Wereblood                Tmut           6%         N/A       16%         2
 Spider Form              Tmut/Pois      4%         N/A       41%         3
 Ice Form                 Ice/Tmut       4%         N/A       86%         4


Dungeon Overview and Level Annotations

Branches:
Dungeon (1/15)

Altars:


Innate Abilities, Weirdness & Mutations

You have temporarily grown beastly horns and talons.
Your plain brown scales are hard. (AC +4)
You cannot fit into any form of body armour.
You are cold-blooded and may be slowed by cold attacks.


Message History

A bat comes into view.
The ball python bites you. The ball python constricts you.
You hit the jackal but do no damage. Your kick misses the jackal.
You headbutt the jackal.
You tail-slap the jackal, but do no damage.
The jackal is moderately wounded.
The jackal barely misses you. The ball python closely misses you.
The ball python constricts you.
You hit the jackal but do no damage. Your headbutt misses the jackal.
The jackal is moderately wounded.
Your transformation is almost over.
The jackal bites you.
* * * LOW HITPOINT WARNING * * *
The ball python bites you but does no damage.
The ball python constricts you.
A goblin comes into view. It is wielding a +0 dagger.
The jackal bites you but does no damage.
The goblin shouts!
You hit the jackal. Your kick misses the jackal.
The jackal is almost dead.
The ball python bites you but does no damage.
The ball python constricts you. The jackal closely misses you.
You barely miss the jackal. Your kick misses the jackal.
You headbutt the jackal.
You kill the jackal!
The ball python barely misses you. The ball python constricts you.
* * * LOW HITPOINT WARNING * * *
You miss the jackal. Your kick misses the jackal.
The jackal closely misses you. The ball python closely misses you.
The ball python constricts you.
* * * LOW HITPOINT WARNING * * *
The jackal bites you.
* * * LOW HITPOINT WARNING * * *
You closely miss the jackal. You claw the jackal.
Your headbutt misses the jackal.
You tail-slap the jackal, but do no damage.
The jackal is lightly wounded.
The ball python closely misses you. The ball python constricts you.
The jackal bites you.
You die...

.... ... ..#
...g# ..#.# .
#.#b# .#.. #.#h#
.... #.#@#
#.#[##.S.#
#.#......### ###
# #..........#
#.. .
##.(.....)#.#
#.# ####
..........#.#
#.# .#...
###......#.#
#.#.#.###
##.#.###.#
#.#.#.#.. #.#.#
#.######.#.#.#..


You could see a jackal, a goblin, a bat and a ball python.

Vanquished Creatures
  A giant cockroach (D:1)
  A hobgoblin (D:1)
  3 jackals (D:1)
5 creatures vanquished.

Notes
Turn   | Place    | Note
-------+----------+-------------------------------------------
     0 | D:1      | koil the Draconian Transmuter began the quest for the Orb.
     0 | D:1      | Reached XP level 1. HP: 16/16 MP: 3/3
   102 | D:1      | Slain by a jackal

Illustrated notes

Levels and vault maps discovered:
D:1:      matt_arrival_los_fun, layout_loops_ring, minmay_shallow_snake_nest

Action                   || total
-------------------------++-------
Melee: Unarmed           ||    18
       Kick              ||     4
       Tailslap          ||     4
       Headbutt          ||     3
 Cast: Beastly Appendage ||     2
Armor: Skin              ||     6
Dodge: Dodged            ||    11

Table legend: (Time is in decaauts)
 A = Elapsed time spent in this place.
 B = Non-inter-level travel time spent in this place.
 C = Inter-level travel time spent in this place.
 D = Time resting spent in this place.
 E = Time spent auto-exploring this place.
 F = Levels seen in this place.
 G = Mean time per level.
                   A        B        C        D        E       F      G
               +--------+--------+--------+--------+--------+-----+--------+
         Total |    100 |    100 |      0 |      0 |     70 |   1 |  100.0 |
       Dungeon |    100 |    100 |      0 |      0 |     70 |   1 |  100.0 |
               +--------+--------+--------+--------+--------+-----+--------+

Top non-repeatable levels by time:
     D:1: 100 daAuts
